 Dungeon Crawl Stone Soup version 0.29.0-11-gd7f09526c8 (webtiles) character file.

Game seed: 3557594053213093229

57122 Turgor the Zephyrmancer (level 14, -7/103 HPs)
             Began as a Felid Summoner on Sept 5, 2022.
             Was an Initiate of Gozag.
             Killed from afar by an eleionoma (26 damage)
             ... with a spray of wooden splinters
             ... on level 4 of the Swamp.
             The game lasted 05:21:19 (40495 turns).

Turgor the Zephyrmancer (Felid Summoner)           Turns: 40495, Time: 05:21:20

Health: -7/103     AC:  7    Str:  4    XL:     14   Next: 44%
Magic:  19/29      EV: 21    Int: 29    God:    Gozag
Gold:   2773       SH:  0    Dex: 18    Spells: 0/33 levels left
                                        Lives:  0   Deaths: 4

rFire   . . .      SeeInvis +     - Unarmed
rCold   + . .      Faith    .   (shield unavailable)
rNeg    . . .      Spirit   .   (body armour unavailable)
rPois   .          Reflect  .   (helmet unavailable)
rElec   .          Harm     .   (cloak unavailable)
rCorr   +          Rampage  .   (gloves unavailable)
Will    +++++                   (boots unavailable)
Stlth   ..........              B - amulet of the acrobat
HPRegen 0.27/turn               i - ring "Ewum" {*Slow Will+++ rCorr Int+6 Stlth+}
MPRegen 0.21/turn               A - +4 ring of protection

@: berserking, gold aura, very quick
A: very small, claws 1, fangs 3, see invisible, speed 1, shaggy fur 3, stealthy
paws, no weapons or thrown items, no armour, multi-lived
a: Renounce Religion, Potion Petition, Call Merchant, Bribe Branch


You were on level 4 of the Swamp.
You worshipped Gozag.
Gozag was most pleased with you.
You visited 4 branches of the dungeon, and saw 25 of its levels.
You also visited: Ice Cave.

You collected 8108 gold pieces.
You spent 3743 gold pieces at shops.
You paid 1592 gold pieces to Gozag.

Inventory:

Jewellery
 i - the ring "Ewum" (left paw) {*Slow Will+++ rCorr Int+6 Stlth+}
   (You found it on level 2 of the Dungeon)

   [ring of intelligence]

   Int:       It affects your intelligence (+6).
   rCorr:     It protects you from acid and corrosion.
   *Slow:     It may slow you when you take damage.
   Will:      It greatly increases your willpower.
   Stlth:     It makes you more stealthy.
 A - a +4 ring of protection (right paw)
 B - an amulet of the acrobat (around neck)
 E - a +4 ring of slaying
 K - an amulet of guardian spirit
Wands
 e - a wand of iceblast (14)
 y - a wand of polymorph (8)
 C - a wand of digging (6)
 I - a wand of flame (27)
 L - a wand of acid (3)
Scrolls
 b - 4 scrolls of butterflies
 d - 5 scrolls of magic mapping
 f - 3 scrolls of torment
 j - 2 scrolls of poison
 k - 2 scrolls of amnesia
 l - 4 scrolls of blinking
 m - 7 scrolls of immolation
 p - 7 scrolls of teleportation
 q - 3 scrolls of vulnerability
 x - a scroll of silence
 z - a scroll of fear
 D - a scroll of summoning
 G - 15 scrolls of identify
Potions
 a - 2 potions of magic
 c - 9 potions of curing
 g - 7 potions of heal wounds
 h - 7 potions of might
 n - 3 potions of cancellation
 o - 4 potions of ambrosia
 r - 6 potions of flight
 s - 6 potions of berserk rage
 t - 6 potions of mutation
 u - 6 potions of attraction
 v - 5 potions of lignification
 F - 2 potions of brilliance
 J - 3 potions of resistance
 M - a potion of invisibility
 N - a potion of haste
Miscellaneous
 w - a tin of tremorstones (2/2)
 H - a piece from Xom's chessboard (15/15)
 O - a condenser vane (inert)


   Skills:
 - Level 12.0 Fighting
 - Level 7.1 Dodging
 - Level 7.2 Stealth
 - Level 9.0 Unarmed Combat
 - Level 10.2 Spellcasting
 - Level 3.1 Conjurations
 - Level 12.0 Hexes
 - Level 12.0 Summonings
 - Level 3.1 Necromancy
 - Level 7.8 Translocations
 * Level 8.2 Transmutations
 + Level 12.4 Air Magic
 - Level 3.1 Poison Magic
 - Level 9.0 Evocations


You couldn't memorise any spells.
You knew the following spells:

 Your Spells              Type           Power      Damage    Failure   Level
a - Storm Form            Tmut/Air       33%        N/A       41%         7
c - Call Canine Familiar  Summ           71%        N/A       1%          3
d - Summon Guardian Gole  Hex/Summ       71%        N/A       1%          3
e - Summon Lightning Spi  Summ/Air       72%        N/A       1%          4
f - Mephitic Cloud        Conj/Pois/Air  50%        N/A       1%          3
g - Airstrike             Air            36%        2d(6-22)  1%          4
h - Summon Mana Viper     Hex/Summ       71%        N/A       1%          5
j - Manifold Assault      Tloc           57%        N/A       4%          5

Your spell library contained the following spells:

 Spells                   Type           Power      Damage    Failure   Level
 Apportation              Tloc           100%       N/A       1%          1
 Foxfire                  Conj/Fire      96%        2x1d8     1%          1
 Magic Dart               Conj           100%       1d8       1%          1
 Necrotise                Necr           100%       1d9       1%          1
 Shock                    Conj/Air       100%       1d9       1%          1
 Summon Small Mammal      Summ           100%       N/A       1%          1
 Blink                    Tloc           100%       N/A       1%          2
 Call Imp                 Summ           71%        N/A       1%          2
 Ensorcelled Hibernation  Hex/Ice        98%        N/A       1%          2
 Passwall                 Tmut/Erth      31%        N/A       1%          2
 Poisonous Vapours        Pois/Air       100%       N/A       1%          2
 Dazzling Flash           Conj/Hex       100%       N/A       1%          3
 Inner Flame              Hex/Fire       49%        N/A       1%          3
 Spider Form              Tmut/Pois      48%        N/A       1%          3
 Swiftness                Air            72%        N/A       1%          3
 Anguish                  Hex/Necr       28%        N/A       1%          4
 Cause Fear               Hex            35%        N/A       1%          4
 Leda's Liquefaction      Hex/Erth       24%        N/A       3%          4
 Summon Ice Beast         Ice/Summ       49%        N/A       3%          4
 Lightning Bolt           Conj/Air       28%        1d45      4%          5
 Conjure Flame            Conj/Fire      24%        6-21      6%          3
 Metabolic Englaciation   Hex/Ice        24%        N/A       9%          5
 Ozocubu's Armour         Ice            14%        N/A       11%         3
 Flame Wave               Conj/Fire      24%        2d8       19%         4
 Conjure Ball Lightning   Conj/Air       28%        3x3d8     22%         6
 Enfeeble                 Hex            35%        N/A       22%         7
 Monstrous Menagerie      Summ           35%        N/A       22%         7
 Iskenderun's Battlesphe  Conj           33%        2d9       28%         5
 Fireball                 Conj/Fire      12%        3d7       47%         5
 Dragon Form              Tmut           29%        N/A       71%         7
 Dragon's Call            Summ           35%        N/A       100%        9
 Portal Projectile        Hex/Tloc       Unusable   N/A       N/A         3
 Simulacrum               Ice/Necr       Unusable   N/A       N/A         6

Dungeon Overview and Level Annotations

Branches:
Dungeon (14/15)            Temple (0/1) D:5            Lair (5/5) D:8
  Swamp (4/4) Lair:3       Spider (0/4) Lair:2        Slime (0/5) Lair:4
    Orc (2/2) D:9             Elf (0/3) Orc:2        Vaults (0/5) D:14
  IceCv (visited)

Altars:
Cheibriados
Dithmenos
Fedhas
Gozag
Hepliaklqana
Makhleb
Nemelex Xobeh
Okawaru
Qazlal
Trog
Uskayaw
Vehumet
The Shining One

Shops:
D:5 [(!*   D:9 :?*   D:10 *   D:11 *   Orc:2 [:[


Innate Abilities, Weirdness & Mutations

You have sharp claws.
You have razor-sharp teeth.
You have supernaturally acute eyesight. (SInv)
You cover ground quickly. (Speed+)
Your thick and shaggy fur keeps you warm. (AC +3, rC+)
Your paws help you pounce on unaware monsters.
You are incapable of wielding weapons or throwing items.
You cannot wear armour.
You gain extra lives every three experience levels.


Message History

The eleionoma is moderately wounded.
The eleionoma hurls a spray of splinters at you.
The spray of wooden splinters hits you!!
You claw the eleionoma!
You claw the eleionoma, but do no damage.
The eleionoma is moderately wounded.
The eleionoma flows through the trees.
The eleionoma hurls a spray of splinters at you.
The spray of wooden splinters misses you.
You closely miss the eleionoma. You bite the eleionoma!
The eleionoma is heavily wounded.
You scratch the eleionoma.
The eleionoma is heavily wounded.
The eleionoma splashes around in the water.
You barely miss the eleionoma. You bite the eleionoma.
The eleionoma is heavily wounded.
The eleionoma hits you but does no damage.
You barely miss the eleionoma.
The eleionoma is heavily wounded.
The eleionoma hurls a spray of splinters at you.
The spray of wooden splinters misses you.
You mangle the eleionoma!! Your claw misses the eleionoma.
The eleionoma is severely wounded.
The eleionoma hits you!
* * * LOW HITPOINT WARNING * * *
You barely miss the eleionoma. You bite the eleionoma!
The eleionoma is almost dead.
The eleionoma splashes around in the water.
You claw the eleionoma!
You kill the eleionoma!
The eleionoma hurls a spray of splinters at you.
The spray of wooden splinters hits you!
* * * LOW HITPOINT WARNING * * *
You barely miss the eleionoma. You claw the eleionoma!
The eleionoma is lightly wounded.
The eleionoma hurls a spray of splinters at you.
The spray of wooden splinters hits you!!
You die...
Your body crumbles into a pile of gold.

****** ******~**,**
**,*,*~,,,,,* ♣♣♣♣
,,,,,~~,~,~*♣♣♣♣~~♣♣♣*♣
~~,,,,,*,$*♣♣~♣.....♣.♣♣***
,***~~,~~~♣♣.....~.~~..♣*~** **
***,,.~.~...R$~~...~♣~,~**
*,,.~....~~@.....~~*~,~*
***~..~.~~~~~§....~.~~~****
****~~,.........~.♣..~.,~,~*~**
**,~~~,~.♣~..~.~....~~.~,,~,,,~*
*~,*~~~~~♣w.~...~.~~~♣,~~*~,*~**
~~***~**...~~.~~~.~.~..,,,~,~**
*** ****#♣~~....♣~~.~~~~~~,~,*
*********##~~~.~~..~.§♣~~,,,**
**,,~~,,****,~,~,,~,,~,*~,~**


You could see an eleionoma and a tyrant leech.

Vanquished Creatures
  Mlioglotl (Swamp:1)
  Kirke (D:14)
  An eleionoma (Swamp:4)
  A catoblepas (Lair:5)
  An alligator (Swamp:1)
  A centaur warrior (D:14)
  An orc high priest (Orc:2)
  A goliath frog (Swamp:2)
  An oklob plant (Lair:2)
  3 unseen horrors (D:10)
  2 hornets
  2 polar bears (Lair:5)
  A troll (D:7)
  A blink frog (Lair:3)
  2 spriggans (Swamp:3)
  4 wyverns
  A hog (D:14)
  A yak (D:9)
  8 vampire mosquitoes
  A steam dragon (Lair:1)
  A swamp worm (Swamp:1)
  A warg (Orc:2)
  An acid dragon (D:10)
  3 orc warriors
  A killer bee (Lair:1)
  7 electric eels
  A hound (D:4)
  4 orc priests
  4 orc wizards
  4 orcs
  A hobgoblin (D:3)
  A kobold (D:8)
  A ball python (D:3)
65 creatures vanquished.

Vanquished Creatures (collateral kills)
  Donald (Swamp:1)
  A very ugly thing (IceCv)
  2 bunyips
  2 eleionomae
  A dire elephant (Lair:5)
  7 hydras
  A vault guard (D:14)
  5 boulder beetles
  4 two-headed ogres
  A catoblepas (Lair:3)
  4 alligators
  A death yak (Lair:5)
  2 orc high priests (Orc:2)
  2 tengu warriors (D:14)
  Nergalle (Lair:1)
  2 goliath frogs (Swamp:1)
  4 swamp dragons
  An orb spider (Lair:3)
  2 spriggan druids
  An obsidian statue (Lair:5)
  A lindwurm (Lair:4)
  An orange crystal statue (IceCv)
  4 bog bodies
  2 orc knights (Orc:2)
  2 oklob plants (Lair:4)
  6 orc sorcerers (Orc:2)
  A deep elf pyromancer (D:12)
  3 necromancers (Lair:5)
  6 ugly things
  6 elephants
  11 slime creatures
  4 cyclopes
  3 manticores
  2 black mambas (Lair:1)
  An ice statue (D:11)
  2 gargoyles
  6 cane toads
  3 rime drakes
  4 komodo dragons
  Psyche (D:8)
  2 kobold demonologists
  3 freezing wraiths
  5 polar bears
  6 trolls
  A meliai (shapeshifter) (D:14)
  A meliai (D:14)
  A queen bee (Lair:1)
  7 tyrant leeches
  4 hornets
  4 dream sheep (Lair:5)
  8 blink frogs
  A culicivora (Lair:2)
  A vampire (D:7)
  3 centaur simulacra
  4 spriggans
  2 shadows (D:10)
  2 wyverns
  3 wraiths
  4 hogs (D:14)
  A basilisk (Lair:1)
  28 yaks
  An unseen horror simulacrum (D:10)
  9 vampire mosquitoes
  6 wargs
  Menkaure (D:4)
  A death yak simulacrum (Lair:5)
  8 swamp worms
  An acid dragon (D:12)
  6 water moccasins
  Duvessa (D:7)
  2 swamp drakes
  16 orc warriors
  2 sky beasts
  An ice beast (D:10)
  5 ogres
  3 wolves
  An elephant zombie (Lair:5)
  3 centaurs
  2 phantoms (D:5)
  5 kobold brigands
  A necrophage (D:5)
  13 bullfrogs
  A cane toad simulacrum (Lair:5)
  5 scorpions
  A wight (D:7)
  Dowan (D:7)
  An elephant simulacrum (Lair:5)
  24 killer bees
  6 howler monkeys
  3 jellies
  15 orc priests
  2 hounds (D:4)
  A gnoll bouda (D:10)
  3 iguanas
  Crazy Yiuf (D:7)
  16 orc wizards
  A gnoll (D:1)
  9 adders
  A shadow imp (D:5)
  7 white imps
  An ufetubus (D:7)
  2 worms
  3 dart slugs
  73 orcs
  8 ball pythons
  4 endoplasms
  A giant cockroach (D:1)
  6 goblins
  5 hobgoblins
  4 jackals (D:1)
  5 quokkas
  3 bats
  3 frilled lizards
  30 kobolds
  5 rats
544 creatures vanquished.

Vanquished Creatures (others)
  An azure jelly (Swamp:1)
  2 dire elephants (Lair:5)
  5 hydras
  A two-headed ogre (D:10)
  2 ghost crabs (Swamp:3)
  2 alligators (Swamp:1)
  A spectral dire elephant (Lair:5)
  A spectral anaconda (Lair:5)
  A swamp dragon (Swamp:1)
  A necromancer (Lair:5)
  3 orc knights (Orc:2)
  3 ugly things
  2 oklob plants
  A cyclops (D:13)
  3 elephants
  A dire elephant zombie (Lair:5)
  6 black mambas
  A gargoyle (D:10)
  A komodo dragon (Lair:4)
  4 cane toads
  A freezing wraith (IceCv)
  A troll (D:12)
  2 bloated husks
  A spectral elephant (Lair:5)
  2 dream sheep (Lair:5)
  A slime creature (D:14)
  2 blink frogs (Lair:3)
  2 culicivoras (Lair:2)
  2 hogs (D:14)
  A basilisk (Lair:5)
  18 yaks
  A swamp worm (Swamp:1)
  4 water moccasins
  An acid dragon (D:7)
  5 orc warriors
  A black bear (D:4)
  An ogre (D:6)
  3 wolves (Lair:5)
  A centaur (D:7)
  3 scorpions
  A cane toad simulacrum (Lair:5)
  3 killer bees
  A jelly (D:7)
  An orc priest (Orc:2)
  A hound (D:6)
  3 iguanas
  An orc wizard (D:7)
  A shadow imp (D:6)
  2 orcs
  4 foxfires (Swamp:4)
  30 fungi
  60 plants
  35 withered plants (Lair:5)
238 creatures vanquished.

Grand Total: 847 creatures vanquished

Notes
Turn   | Place    | Note
-------+----------+-------------------------------------------
     0 | D:1      | Turgor the Felid Summoner began the quest for the Orb.
     0 | D:1      | Reached XP level 1. HP: 7/7 MP: 4/4
    77 | D:1      | Reached XP level 2. HP: 11/11 MP: 1/6
    80 | D:1      | Learned a level 2 spell: Call Imp
   713 | D:1      | Reached XP level 3. HP: 14/14 MP: 2/7
  1124 | D:1      | Learned a level 3 spell: Call Canine Familiar
  1331 | D:1      | Found a faded altar of an unknown god.
  1909 | D:2      | Identified the ring "Ewum" {*Slow Will+++ rCorr Int+6
                  | Stlth+}
  2139 | D:2      | Identified the +2 whip of Beogh's Delight {freeze, rF+++
                  | rC- rCorr Str+3}
  2249 | D:2      | Reached XP level 4. HP: 18/18 MP: 5/9
  3058 | D:3      | Learned a level 3 spell: Summon Guardian Golem
  3140 | D:3      | Found an opulent altar of Gozag.
  3148 | D:3      | Became a worshipper of Gozag Ym Sagoz the Greedy
  3596 | D:4      | Noticed Menkaure
  3619 | D:4      | Killed Menkaure
  3620 | D:4      | Reached skill level 5 in Summonings
  3620 | D:4      | Reached XP level 5. HP: 20/21 MP: 0/11
  3763 | D:4      | Found a glowing golden altar of the Shining One.
  3780 | D:4      | Gained mutation: You are covered in thick fur. (AC +2)
                  | [Felid growth]
  3780 | D:4      | Reached XP level 6. HP: 24/24 MP: 9/12
  3897 | D:4      | Reached skill level 5 in Hexes
  3897 | D:4      | Reached XP level 7. HP: 27/27 MP: 2/14
  3902 | D:4      | Learned a level 4 spell: Summon Lightning Spire
  4246 | D:4      | Found a burning altar of Makhleb.
  4456 | D:4      | Reached skill level 1 in Air Magic
  5078 | D:5      | Entered Level 5 of the Dungeon
  5307 | D:5      | Found a staircase to the Ecumenical Temple.
  5556 | D:5      | Reached skill level 1 in Fighting
  5561 | D:5      | Reached XP level 8. HP: 32/32 MP: 10/15
  5755 | D:5      | Found Duishrur's General Store.
  5777 | D:5      | Bought a potion of mutation for 80 gold pieces
  5777 | D:5      | Bought a potion of might for 40 gold pieces
  5777 | D:5      | Bought a potion of attraction for 30 gold pieces
  5777 | D:5      | Bought a scroll of noise for 10 gold pieces
  5975 | D:5      | Found Oles's Antique Armour Shop.
  6111 | D:5      | Found Corgh's Distillery.
  6116 | D:5      | Bought a potion of lignification for 36 gold pieces
  6116 | D:5      | Bought a potion of flight for 36 gold pieces
  6214 | D:5      | Found Zoenn's Antique Weapon Shop.
  6682 | D:6      | Reached skill level 5 in Spellcasting
  7859 | D:7      | Found a runed translucent door.
  7860 | D:7      | Noticed Crazy Yiuf
  7873 | D:7      | Killed Crazy Yiuf
  7928 | D:7      | Reached XP level 9. HP: 38/38 MP: 13/18
  7932 | D:7      | Learned a level 3 spell: Mephitic Cloud
  8042 | D:7      | Found a snail-covered altar of Cheibriados.
  8114 | D:7      | Noticed Dowan
  8115 | D:7      | Noticed Duvessa
  8125 | D:7      | Killed Dowan
  8134 | D:7      | Killed Duvessa
  8135 | D:7      | Reached skill level 5 in Air Magic
  8474 | D:7      | Identified the +0 pair of boots of New Discoveries {Str-3
                  | Int+8 Dex+4}
  8793 | D:7      | Noticed a cyan ugly thing
  9079 | D:7      | Found a stormy altar of Qazlal.
  9252 | D:8      | Noticed Psyche
  9269 | D:8      | Killed Psyche
  9394 | D:8      | Identified the +5 mace of Ashenzari's Regard {vorpal, rC++
                  | rN+ rCorr Dex-5}
  9475 | D:8      | Found a staircase to the Lair.
  9498 | D:8      | Found a radiant altar of Vehumet.
  9569 | D:8      | Noticed a troll
  9582 | D:8      | Killed a troll
 10126 | D:8      | Found a bloodstained altar of Trog.
 10129 | D:8      | Reached XP level 10. HP: 31/43 MP: 20/20
 10394 | D:9      | Reached skill level 5 in Fighting
 10800 | D:8      | Learned a level 4 spell: Airstrike
 10801 | Lair:1   | Entered Level 1 of the Lair of Beasts
 10869 | Lair:1   | Noticed a black mamba
 11132 | Lair:1   | Noticed Nergalle
 11342 | Lair:1   | Killed Nergalle
 11384 | Lair:1   | Noticed a black mamba
 11398 | Lair:1   | Killed a black mamba
 11703 | Lair:1   | Noticed an elephant
 11705 | Lair:1   | Noticed an elephant
 11708 | Lair:1   | Noticed a cane toad
 11709 | Lair:1   | Noticed an elephant
 11720 | Lair:1   | Killed an elephant
 11720 | Lair:1   | Killed a cane toad
 11726 | Lair:1   | Killed an elephant
 11727 | Lair:1   | Killed a black mamba
 11728 | Lair:1   | Reached skill level 5 in Stealth
 11731 | Lair:1   | Killed an elephant
 11917 | Lair:1   | Reached XP level 11. HP: 49/49 MP: 17/22
 11919 | Lair:1   | Reached skill level 5 in Dodging
 12088 | Lair:1   | Noticed a seven-headed hydra
 12108 | Lair:1   | Killed a seven-headed hydra
 12552 | Lair:1   | Reached skill level 1 in Unarmed Combat
 13541 | Lair:2   | Identified the +12 rapier of the Solstice {antimagic, rElec
                  | Dex+2 Stlth+}
 13630 | Lair:2   | Found a hole to the Spider Nest.
 14597 | Lair:2   | Found a blossoming altar of Fedhas.
 14599 | Lair:2   | Noticed an oklob plant
 14610 | Lair:2   | Killed an oklob plant
 14659 | Lair:2   | Noticed an oklob plant
 14769 | Lair:2   | Killed an oklob plant
 15190 | Lair:3   | Noticed Nessos
 15191 | Lair:3   | Noticed Nessos
 15191 | Lair:3   | Nessos changed into Nessos the orb spider
 15206 | Lair:3   | Killed Nessos the orb spider
 15361 | Lair:3   | Found a staircase to the Swamp.
 15361 | Lair:3   | Noticed a bog body
 15368 | Lair:3   | Killed a bog body
 15504 | Lair:3   | Reached skill level 5 in Unarmed Combat
 15691 | Lair:3   | Noticed a six-headed hydra
 15694 | Lair:3   | Noticed a boulder beetle
 15702 | Lair:3   | Killed a six-headed hydra
 15703 | Lair:3   | Gained mutation: Your thick and shaggy fur keeps you warm.
                  | (AC +3, rC+) [Felid growth]
 15703 | Lair:3   | Reached XP level 12. HP: 55/55 MP: 10/24
 15710 | Lair:3   | Killed a boulder beetle
 15773 | Lair:3   | Found the +7 sceptre of Torment {pain, torment}
 15773 | Lair:3   | Found the +6 Majin-Bo {vamp, MP+6 Int+6}
 16240 | Lair:3   | Reached skill level 1 in Evocations
 16290 | Lair:3   | Noticed a catoblepas
 16338 | Lair:3   | Killed a catoblepas
 16641 | Lair:3   | Identified the +6 spear "Uziext" {vorpal, rPois rC+ Int+3
                  | Dex+3}
 16964 | Lair:4   | Reached skill level 10 in Air Magic
 17514 | Lair:4   | Found a staircase to the Slime Pits.
 17843 | Lair:4   | Noticed an eight-headed hydra
 17854 | Lair:4   | Killed an eight-headed hydra
 18100 | Lair:4   | Noticed a six-headed hydra
 18110 | Lair:4   | Killed a six-headed hydra
 18359 | Lair:4   | Learned a level 5 spell: Summon Mana Viper
 18821 | Lair:5   | Entered Level 5 of the Lair of Beasts
 18821 | Lair:5   | Noticed a catoblepas
 19087 | Lair:5   | Noticed a four-headed hydra
 19133 | Lair:5   | Reached XP level 13. HP: 36/60 MP: 6/26
 19604 | Lair:5   | Reached skill level 5 in Evocations
 20287 | Lair:5   | HP: 1/60 [catoblepas (29)]
 20288 | Lair:5   | Killed from afar by a catoblepas
 20289 | Lair:5   | Reached XP level 12. HP: -7/57 MP: 12/26
 20722 | Lair:5   | Killed a catoblepas
 20811 | Lair:5   | Killed a five-headed hydra
 20900 | Lair:5   | Noticed a dire elephant
 21577 | Lair:5   | Noticed a dire elephant
 21586 | Lair:5   | Noticed a dire elephant
 21599 | Lair:5   | Killed a dire elephant
 21755 | Lair:5   | Reached skill level 10 in Hexes
 21755 | Lair:5   | Reached skill level 10 in Summonings
 21873 | Lair:5   | Noticed a death yak
 21887 | Lair:5   | Killed a death yak
 22101 | Lair:5   | Reached XP level 13. HP: 61/61 MP: 14/27
 22101 | Lair:5   | Reached skill level 10 in Fighting
 22101 | Lair:5   | Reached XP level 14. HP: 66/66 MP: 14/28
 23386 | D:9      | Found Reosij's General Store.
 23844 | D:9      | Bought a potion of brilliance for 56 gold pieces
 23844 | D:9      | Bought a scroll of teleportation for 42 gold pieces
 24536 | D:9      | Found a staircase to the Orcish Mines.
 25211 | D:10     | Entered Level 10 of the Dungeon
 26165 | D:10     | Found Ugatadi's General Store.
 26425 | D:10     | Bought a wand of flame (12) for 100 gold pieces
 26722 | D:10     | Found a hide-covered altar of Uskayaw.
 26738 | D:10     | Found a sparkling altar of Nemelex Xobeh.
 26960 | D:10     | Found an iron altar of Okawaru.
 26966 | D:10     | Found a hazy altar of Hepliaklqana.
 26969 | D:10     | Found a shadowy altar of Dithmenos.
 27987 | D:11     | Found Otacredu's Specific Store.
 27990 | D:11     | Found Yrab's General Store.
 27995 | D:11     | Bought a scroll of teleportation for 39 gold pieces
 27999 | D:11     | Bought a scroll of butterflies for 56 gold pieces
 27999 | D:11     | Bought a potion of flight for 42 gold pieces
 28301 | D:12     | You fall into a shaft and drop 2 floors!
 29924 | D:13     | Reached skill level 1 in Conjurations
 29930 | D:13     | Reached skill level 1 in Poison Magic
 30060 | D:13     | Found a sparkling altar of Nemelex Xobeh.
 30222 | D:14     | Reached XP level 15. HP: 70/70 MP: 5/29
 30864 | D:14     | Noticed Kirke
 30897 | D:14     | Killed Kirke
 31048 | D:14     | Found an iron altar of Okawaru.
 31286 | D:14     | Found a gate to the Vaults.
 31639 | D:9      | Bought a book of Dreams for 384 gold pieces
 31644 | D:9      | Learned a level 4 spell: Anguish
 31646 | D:9      | Bought a scroll of acquirement for 832 gold pieces
 31646 | D:9      | Acquired Turgor's Parchment of the Injurious Atmosphere
 31662 | Orc:1    | Entered Level 1 of the Orcish Mines
 32470 | Orc:2    | Entered Level 2 of the Orcish Mines
 32822 | Orc:2    | Reached skill level 1 in Necromancy
 32886 | Orc:2    | Found a staircase to the Elven Halls.
 33541 | Orc:2    | Found a burning altar of Makhleb.
 34732 | Orc:2    | Found Cujagon's Armour Emporium.
 34846 | Orc:2    | Found Doitegeuli's Distillery.
 34853 | Orc:2    | Bought a potion of mutation for 128 gold pieces
 34853 | Orc:2    | Bought a potion of attraction for 48 gold pieces
 34853 | Orc:2    | Bought a potion of brilliance for 64 gold pieces
 34853 | Orc:2    | Bought 2 potions of berserk rage for 160 gold pieces
 34853 | Orc:2    | Bought a potion of heal wounds for 80 gold pieces
 34853 | Orc:2    | Bought a potion of resistance for 160 gold pieces
 34853 | Orc:2    | Bought a potion of heal wounds for 80 gold pieces
 34853 | Orc:2    | Bought a potion of haste for 160 gold pieces
 34853 | Orc:2    | Found Biut's Book Boutique.
 34855 | Orc:2    | Found Romicih's Armour Emporium.
 34861 | Orc:2    | Bought a book of Maledictions for 468 gold pieces
 34861 | Orc:2    | Bought an Inescapable Atlas for 612 gold pieces
 35078 | Swamp:1  | Entered Level 1 of the Swamp
 35118 | Swamp:1  | Reached skill level 1 in Translocations
 35379 | Swamp:1  | Reached skill level 1 in Transmutations
 35402 | Swamp:1  | Reached skill level 10 in Spellcasting
 35459 | Swamp:1  | Noticed Donald
 35460 | Swamp:1  | Found a frozen archway.
 35460 | Swamp:1  | Noticed an azure jelly
 35463 | IceCv    | Entered an ice cave
 35467 | IceCv    | Slain by a caustic shrike simulacrum
 35468 | IceCv    | Reached XP level 14. HP: -3/67 MP: 29/29
 35468 | IceCv    | Found a transporter.
 35468 | IceCv    | Noticed a white very ugly thing
 35476 | IceCv    | Killed a white very ugly thing
 35561 | IceCv    | Found a transporter.
 35956 | Swamp:1  | Killed Donald
 36248 | Swamp:1  | Killed an azure jelly
 36422 | Swamp:1  | Noticed Mlioglotl
 36652 | Swamp:1  | Killed Mlioglotl
 36653 | Swamp:1  | Reached skill level 5 in Translocations
 37026 | Swamp:2  | Reached XP level 15. HP: 72/72 MP: 15/30
 37155 | Swamp:1  | Learned a level 5 spell: Manifold Assault
 37954 | Swamp:1  | Reached skill level 5 in Transmutations
 38960 | Swamp:2  | Learned a level 7 spell: Storm Form
 39694 | Swamp:3  | Reached XP level 16. HP: 76/76 MP: 31/31
 39862 | Swamp:4  | Entered Level 4 of the Swamp
 40142 | Swamp:3  | Slain by a four-headed hydra
 40143 | Swamp:3  | Reached XP level 15. HP: -5/72 MP: 20/30
 40466 | Swamp:4  | Slain by a goliath frog
 40467 | Swamp:4  | Reached XP level 14. HP: -3/69 MP: 16/29
 40495 | Swamp:4  | Killed from afar by an eleionoma

Illustrated notes

Levels and vault maps discovered:
D:1:      scummos_arrival_star, layout_loops_corners, serial_bayou,
          serial_bayou_lake_a, serial_bayou_pond_d, serial_bayou_pond_b,
          serial_bayou_ford_a, serial_bayou_lagoon_b, serial_bayou_pond_c,
          chequers_ecumenical_altar_grove
D:2:      layout_loops_ring
D:3:      layout_basic, grunt_gozag_breadcrumbs
D:4:      layout_basic, tso_metal_star, makhleb_heckhound_becter, uniq_menkaure
D:5:      layout_basic, minmay_temple_entry_proselytizer, serial_shops,
          kennysheep_mini, shop, nicolae_diamond_shop, shop
D:6:      layout_basic, serial_rivers, chequers_serial_rivers_room_b,
          chequers_serial_rivers_micro_e, chequers_serial_rivers_micro_e,
          chequers_serial_rivers_micro_d, chequers_serial_rivers_micro_c
D:7:      minmay_slanted_spiral_squares, layout_gridville, slow_altar_1,
          nicolae_qazlal_eye_of_the_storm, uniq_duvessa, uniq_crazy_yiuf_cottage
D:8:      layout_gridville, mainiacjoe_overflow_surrounded_room,
          lair_entry_dummy, minmay_parallelograms,
          eino_small_chamber_without_monster, corexii_leaking_fountain,
          minivault_14, david_defended_altar_orc, uniq_psyche
D:9:      layout_big_octagon, hiddenorc2_lemuel, enter_bailey_5, serial_shops,
          shop
D:10:     layout_cave_pods, minmay_overflow_temple_star_quad,
          mainiacjoe_overflow_swirl, serial_ice, serial_ice_k, serial_ice_m,
          serial_ice_o, serial_ice_a, serial_shops, shop, minmay_alternating_orb
D:11:     layout_roguey, minivault_16, nicolae_specific_store
D:12:     layout_rooms
D:13:     layout_basic, nemelex_spade_bored_becter
D:14:     layout_gridville, lightli_vaults_fourway_checkpoint,
          okawaru_metal_pillars_3, uniq_kirke
Lair:1:   layout_roguey [special_room_bee], special_room,
          nicolae_lair_liquid_snakes, serial_bayou_shore_a, grunt_megastairs_2,
          uniq_nergalle
Lair:2:   layout_cave_pods, hellmonk_spider_entry_life_and_decay,
          hangedman_tree_tricks
Lair:3:   nzn_winding_woodlands_cross
          [nzn_winding_woodlands_5x15_pathside_ponds,
          nzn_winding_woodlands_5x15_pool,
          nzn_winding_woodlands_5x15_split_checker,
          nzn_winding_woodlands_5x15_zeroes,
          nzn_winding_woodlands_15x15_eel_pit], layout_hall_layers,
          skrybe_swamp_entry_bodies, uniq_nessos
Lair:4:   layout_gridlike, minmay_slime_entry_oklob_enclosed, lemuel_fruit_tree
Lair:5:   due_jungle_book, layout_cave_pods, grunt_megastairs_3
Swamp:1:  layout_basic_swamp, portal_ice_cave_entry_frozen_things,
          evilmike_swamp_ruin_house_3, infiniplex_staircase_pool,
          uniq_mlioglotl, uniq_donald
Swamp:2:  layout_basic_swamp, evilmike_swamp_ruin_house_2
Swamp:3:  layout_falls_marsh, evilmike_swamp_ruin_house_1
Swamp:4:  swamp_alternative, layout_basic_swamp
Orc:1:    layout_caves
Orc:2:    st_orc_elflike, layout_caves, basic_altar

Skill      XL: |  1  2  3  4  5  6  7  8  9 10 11 12 13 14 15 |
---------------+----------------------------------------------+-----
Dodging        | 3 4 6 7 |  7.1
Stealth        | 3 5 6 7 |  7.2
Spellcasting   | 3 4 5 6 7 8 9 10 | 10.2
Hexes          | 3 5 6 8 10 12 | 12.0
Summonings     | 5 6 7 8 9 10 12 | 12.0
Air Magic      | 2 4 6 8 9 11 12 | 12.4
Fighting       | 1 3 4 6 7 9 10 11 12 | 12.0
Unarmed Combat | 5 6 7 8 9 |  9.0
Evocations     | 6 5 9 |  9.0
Conjurations   | 1 3 |  3.1
Poison Magic   | 1 3 |  3.1
Necromancy     | 3 |  3.1
Translocations | 5 7 |  7.8
Transmutations | 4 8 |  8.2

Action                   |  1- 3 |  4- 6 |  7- 9 | 10-12 | 13-15 | 16-18 || total
-------------------------+-------+-------+-------+-------+-------+-------++-------
Melee: Unarmed           |    12 |    20 |    11 |    51 |   129 |     2 ||   225
       Bite              |     2 |     1 |     1 |     7 |    22 |       ||    33
       Punch             |       |     1 |       |     2 |     8 |       ||    11
 Cast: Summon Small Mamm |    31 |     6 |    10 |     3 |     1 |       ||    51
       Call Imp          |    23 |    12 |    16 |     9 |     9 |       ||    69
       Call Canine Famil |     1 |    11 |    28 |    43 |   107 |     2 ||   192
       Summon Guardian G |       |     5 |    44 |    79 |   157 |     4 ||   289
       Summon Lightning  |       |       |     1 |    92 |   204 |     5 ||   302
       Airstrike         |       |       |       |    18 |    51 |       ||    69
       Summon Mana Viper |       |       |       |     1 |    71 |     3 ||    75
       Anguish           |       |       |       |       |     5 |       ||     5
       Mephitic Cloud    |       |       |       |       |     4 |       ||     4
Invok: Call Merchant     |       |       |       |       |     2 |       ||     2
       Potion Petition   |       |       |       |       |       |     1 ||     1
Evoke: Wand              |       |       |     4 |     5 |    18 |     1 ||    28
       Tin of tremorston |       |       |       |       |     3 |       ||     3
       Condenser vane    |       |       |       |       |     1 |       ||     1
  Use: Scroll            |       |     3 |     8 |     9 |    20 |     1 ||    41
       Potion            |       |       |       |       |    13 |       ||    13
 Stab: Sleeping          |       |     1 |     2 |       |       |       ||     3
       Petrified         |       |       |       |     1 |       |       ||     1
       Distracted        |       |       |       |       |     4 |       ||     4
       Paralysed         |       |       |       |       |     5 |       ||     5
Armor: Skin              |       |     3 |     2 |     7 |    22 |     3 ||    37
Dodge: Dodged            |    17 |    21 |    23 |    71 |   177 |    11 ||   320
